 Dungeon Crawl Stone Soup version 0.24-a0-433-gbe6fa4f6cc (webtiles) character file.

Game seed: 17753150757436394432

481 Gumption the Ruffian (level 7, -4/59 (60) HPs)
             Began as a Ghoul Monk on June 14, 2019.
             Slain by Prince Ribbit (13 damage)
             ... on level 5 of the Dungeon.
             The game lasted 00:20:48 (3957 turns).

Gumption the Ruffian (Ghoul Monk)                   Turns: 3957, Time: 00:20:49

HP:   -4/59 (60)    AC: 10    Str: 20    XL:     7   Next: 12%
MP:   6/6           EV:  9    Int:  5    God:
Gold: 187           SH:  0    Dex: 11    Spells: 6/6 levels left

rFire    + . .     SeeInvis .     - Unarmed
rCold    . . .     Gourm    .   (no shield)
rNeg     + + +     Faith    .   s - +0 chain mail
rPois    ∞         Spirit   .   (no helmet)
rElec    .         Reflect  .   (no cloak)
rCorr    .         Harm     .   (no gloves)
MR       .....                  u - +1 pair of boots {Fly}
Stlth    ..........             (no amulet)
HPRegen  0.00/turn              q - ring "Ytruisifa" {+Blink rPois rF+ rC- Str+3}
MPRegen  0.10/turn              (no ring)

@: flying, very slightly contaminated, rotting, invisible
A: rotting body, claws 1, carnivore, cold resistance 1, negative energy
resistance 3, inhibited regeneration, torment resistance, unbreathing
a: Evoke Blink, Stop Flying


You were on level 5 of the Dungeon.
You were not hungry.

You visited 1 branch of the dungeon, and saw 5 of its levels.

You collected 187 gold pieces.

Inventory:

Missiles
 c - 154 stones (quivered)
 k - 5 atropa-tipped darts
Armour
 a - a +0 plate armour
 s - a +0 chain mail (worn)
 u - a +1 pair of boots of flying (worn)
Jewellery
 p - an uncursed ring of ice
 q - the ring "Ytruisifa" (left claw) {+Blink rPois rF+ rC- Str+3}
   (You found it on level 4 of the Dungeon)

   [ring of poison resistance]

   It affects your strength (+3).
   It protects you from fire.
   It makes you vulnerable to cold.
   It protects you from poison.
   It lets you blink.
Wands
 g - a wand of paralysis (3)
Scrolls
 d - 4 scrolls of teleportation
 l - a scroll of remove curse
 n - 2 scrolls of identify
 o - a scroll of enchant weapon
Potions
 b - 2 potions of haste
 f - a potion of resistance
 h - a potion of heal wounds {unknown}
 i - a potion of lignification {unknown}
 j - 2 potions of might
 m - 2 potions of invisibility
 r - 2 potions of curing {unknown}
 t - a potion of degeneration {unknown}
 v - a potion of cancellation {unknown}
Comestibles
 e - 9 rations


   Skills:
 + Level 4.8 Fighting
 + Level 4.0 Dodging
 + Level 4.3 Stealth
 * Level 5.9 Unarmed Combat


You had 6 spell levels left.
You didn't know any spells.
Your spell library contained the following spells:

 Spells                   Type           Power        Failure   Level  Hunger
 Magic Dart               Conj           #...         100%        1    ##.....
 Blink                    Tloc           N/A          100%        2    ###....
 Call Imp                 Summ           #.......     100%        2    ###....
 Slow                     Hex            #.......     100%        2    ###....
 Conjure Flame            Conj/Fire      #.......     100%        3    ####...
 Mephitic Cloud           Conj/Pois/Air  #.......     100%        3    ####...


Dungeon Overview and Level Annotations

Branches:
Dungeon (5/15)
 Temple: D:4-7

Altars:
Cheibriados
Fedhas
Okawaru
The Shining One

Annotations:
D:5 Prince Ribbit


Innate Abilities, Weirdness & Mutations

Your body is rotting away.
You thrive on raw meat.
You are immune to poison.
You have sharp fingernails.
You are carnivorous and can eat meat at any time.
Your flesh is cold resistant. (rC+)
You are immune to negative energy. (rN+++)
You do not regenerate when monsters are visible.
You are immune to unholy pain and torment.
You can survive without breathing.


Message History

Prince Ribbit is moderately wounded.
Prince Ribbit barely misses you.
You claw Prince Ribbit!
Prince Ribbit is heavily wounded.
Prince Ribbit misses you.
You closely miss Prince Ribbit.
Prince Ribbit is heavily wounded.
Prince Ribbit hits you! x2
* * * LOW HITPOINT WARNING * * *
You are too injured to fight recklessly!
Okay, then.
Okay, then.
You fade into invisibility!
Prince Ribbit lets out a mournful croak.
Prince Ribbit barely misses you.
You are very lightly contaminated with residual magic.
Prince Ribbit barely misses you.
Prince Ribbit hits you but does no damage.
Prince Ribbit hits you!
You die...

#.........#
####.........#
#............#
#.##.........#
#.###############
#.......#.......#
#######.#.#####.#
#...#.#.#...#.#
#.#...#.#.#F@.#
#.#####.#.#####.#
#.......#.......#
#################


You could see Prince Ribbit.

Vanquished Creatures
  A centaur (D:5)
  A centaur zombie (D:5)
  A hound (D:4)
  A jelly (D:5)
  2 orc wizards
  A worker ant (D:4)
  A hound skeleton (D:4)
  4 gnolls
  4 adders
  An ooze (D:2)
  2 adder skeletons
  7 worms
  A dart slug (D:4)
  5 leopard geckos
  11 orcs
  6 giant cockroaches
  5 goblins
  10 hobgoblins
  10 jackals
  3 quokkas
  A ball python skeleton (D:4)
  7 bats
  5 frilled lizards
  A jackal skeleton (D:4)
  16 kobolds
  8 rats
115 creatures vanquished.

Notes
Turn   | Place    | Note
-------+----------+-------------------------------------------
     0 | D:1      | Gumption the Ghoul Monk began the quest for the Orb.
     0 | D:1      | Reached XP level 1. HP: 19/19 MP: 0/0
   234 | D:1      | Reached XP level 2. HP: 26/26 MP: 1/1
   890 | D:1      | Reached XP level 3. HP: 31/31 MP: 2/2
  1225 | D:1      | Reached skill level 4 in Unarmed Combat
  1229 | D:1      | Reached XP level 4. HP: 26/40 MP: 3/3
  1887 | D:2      | Reached XP level 5. HP: 37/46 MP: 4/4
  1983 | D:3      | Found a snail-covered altar of Cheibriados.
  2994 | D:4      | Reached skill level 5 in Unarmed Combat
  3052 | D:4      | Found a blossoming altar of Fedhas.
  3074 | D:4      | Reached XP level 6. HP: 49/53 MP: 5/5
  3430 | D:4      | Found an iron altar of Okawaru.
  3566 | D:4      | Got a flickering wooden ring
  3637 | D:4      | Identified the ring "Ytruisifa" {+Blink rPois rF+ rC-
                  | Str+3} (You found it on level 4 of the Dungeon)
  3661 | D:5      | Entered Level 5 of the Dungeon
  3714 | D:5      | Found a glowing golden altar of the Shining One.
  3780 | D:5      | Reached XP level 7. HP: 30/60 MP: 6/6
  3939 | D:5      | Noticed Prince Ribbit
  3957 | D:5      | Slain by Prince Ribbit

Levels and vault maps discovered:
D:1:      minmay_arrival_shoal_huts, layout_basic
D:2:      layout_loops_ring
D:3:      layout_basic, nicolae_overflow_hidden_temple
D:4:      minmay_chambers_of_twos, layout_basic, overflow_temple_1_default,
          first_ration, okawaru_altar_gauntlet_db
D:5:      layout_basic, old_standard_altar, patterned_corridor,
          uniq_prince_ribbit1

Skill      XL: |  1  2  3  4  5  6 |
---------------+-------------------+-----
Dodging        | 3 4 |  4.0
Unarmed Combat | 4 5 |  5.9
Stealth        | 3 4 |  4.3
Fighting       | 4 |  4.8

Action                   |  1- 3 |  4- 6 |  7- 9 || total
-------------------------+-------+-------+-------++-------
Melee: Unarmed           |    82 |   315 |    11 ||   408
       Punch             |     3 |     5 |       ||     8
  Use: Scroll            |     3 |     9 |       ||    12
       Potion            |       |       |     1 ||     1
 Stab: Sleeping          |     2 |       |       ||     2
       Distracted        |     1 |       |       ||     1
  Eat: Chunk             |     8 |    22 |     5 ||    35
Armor: Robe              |     4 |       |       ||     4
       Ring mail         |     7 |     5 |       ||    12
       Scale mail        |       |    36 |       ||    36
       Chain mail        |       |   102 |     4 ||   106
Dodge: Dodged            |    43 |   159 |     9 ||   211

Table legend:
 A = Non-vault XP
 B = Vault XP
 C = Vault XP percentage of total XP
 D = Non-vault monster count
 E = Vault monster count
 F = Vault count percentage of total count
                 A         B        C        D         E       F
            +---------+---------+-------+---------+---------+-------
      Total |     650 |      38 |   5.5 |     104 |      11 |   9.6
            +---------+---------+-------+---------+---------+-------
        D:1 |      66 |       0 |   0.0 |      24 |       0 |   0.0
        D:2 |     105 |       0 |   0.0 |      30 |       0 |   0.0
        D:3 |     101 |       0 |   0.0 |      24 |       0 |   0.0
        D:4 |     180 |      38 |  17.4 |      22 |      11 |  33.3
        D:5 |     198 |       0 |   0.0 |       4 |       0 |   0.0
            +---------+---------+-------+---------+---------+-------
